 Dungeon Crawl Stone Soup version 0.22.0-1-g6561e4c (webtiles) character file.

127 mopl the Caller (level 4, 0/30 HPs)
             Began as a Mummy Summoner on Aug 12, 2018.
             Slain by an orc
             ... wielding a +0 hand axe
              (2 damage)
             ... on level 3 of the Dungeon.
             The game lasted 00:03:34 (3269 turns).

mopl the Caller (Mummy Summoner)                    Turns: 3269, Time: 00:03:35

Health: 0/30       AC:  3    Str: 11    XL:     4   Next: 85%
Magic:  2/10       EV: 15    Int: 15    God:
Gold:   60         SH:  0    Dex: 12    Spells: 1/11 levels left

rFire    x . .     SeeInvis .   c - +0 dagger (drain)
rCold    + . .     Gourm    .   (no shield)
rNeg     + + +     Faith    .   a - +0 robe
rPois    ∞         Spirit   .   i - +1 helmet
rElec    .         Reflect  .   (no cloak)
rCorr    .         Harm     .   (no gloves)
MR       .....                  j - -2 pair of boots (curse)
Stlth    ++........             (no amulet)
HPRegen  0.10/turn              g - +3 ring of evasion
MPRegen  0.12/turn              (no ring)

@: about to teleport
A: no food or potions, fire vulnerability, cold resistance 1, negative energy
resistance 3, torment resistance, unbreathing
a: no special abilities


You were on level 3 of the Dungeon.
You were not hungry.

You visited 1 branch of the dungeon, and saw 5 of its levels.

You collected 60 gold pieces.

Inventory:

Hand Weapons
 c - a +0 dagger of draining (weapon)
 l - a +0 spear
Missiles
 h - 46 poisoned needles
Armour
 a - a +0 robe (worn)
 i - a +1 helmet (worn)
 j - a cursed -2 pair of boots (worn)
Jewellery
 b - an uncursed ring of ice
 g - a +3 ring of evasion (left hand)
Scrolls
 d - a scroll of enchant armour
 e - a scroll of fear
 f - 2 scrolls of identify
 k - a scroll of teleportation
 m - a scroll of remove curse
 n - a scroll of immolation {unknown}


   Skills:
 - Level 1.5 Dodging
 - Level 1.5 Stealth
 + Level 4.1 Spellcasting
 * Level 4.6 Summonings
 + Level 0.3 Ice Magic


You had one spell level left.
You knew the following spells:

 Your Spells              Type           Power        Failure   Level  Hunger
a - Summon Small Mammal   Summ           ###.         2%          1    N/A
b - Call Imp              Summ           ###.....     4%          2    N/A
c - Call Canine Familiar  Summ           ###.....     9%          3    N/A
d - Summon Ice Beast      Ice/Summ       ##......     54%         4    N/A

Your spell library contained the following spells:

 Spells                   Type           Power        Failure   Level  Hunger
 Summon Lightning Spire   Summ/Air       ##......     56%         4    N/A
 Summon Guardian Golem    Hex/Summ       ##......     21%         3    N/A

Dungeon Overview and Level Annotations

Branches:
Dungeon (5/15)
 Temple: D:4-7

Altars:
Zin


Innate Abilities, Weirdness & Mutations

You do not eat or drink.
Your flesh is vulnerable to fire.
You are immune to poison.
Your flesh is cold resistant. (rC+)
You are immune to negative energy. (rN+++)
You are immune to unholy pain and torment.
You can survive without breathing.


Message History

The goblin is heavily wounded.
The goblin misses you.
Unknown command.
You hit the goblin.
The goblin is severely wounded.
Your crimson imp blinks!
The goblin hits you with a dagger.
* * * LOW HITPOINT WARNING * * *
Unknown command.
As you read the scroll of teleportation, it crumbles to dust.
You feel strangely unstable. The goblin hits you but does no damage.
The orc misses your crimson imp.
Casting: Call Imp (safe; 4% risk of failure)
Confirm with . or Enter, or press ? or * to list all spells.
The goblin barely misses you.
Unknown command.
You hit the goblin.
You kill the goblin!
The orc hits you with a hand axe.
You die...

#.#. #.#. . #.#. #.
####.## .5. ##....# ....
######.....## .....
#....#.......
.....h######....#.......
.....g)@oo5o............
[#....######(...##...†..
..... #....####.... .!..
#....# ##.## ... #....#
#.# .. #oo..# #+# .
#....# #...## .....#


You could see 3 orcs, a goblin, a friendly hound and 2 friendly crimson imps.

Vanquished Creatures
  Robin (D:3)
  4 adders
  2 worms (D:2)
  A leopard gecko (D:1)
  6 orcs
  5 bats
  4 giant cockroaches
  4 hobgoblins
  13 jackals
  2 frilled lizards
  8 goblins
  4 kobolds
  5 rats
59 creatures vanquished.

Vanquished Creatures (collateral kills)
  2 orcs (D:3)
2 creatures vanquished.

Grand Total: 61 creatures vanquished

Notes
Turn   | Place    | Note
-------+----------+-------------------------------------------
     0 | D:1      | mopl the Mummy Summoner began the quest for the Orb.
     0 | D:1      | Reached XP level 1. HP: 13/13 MP: 4/4
   568 | D:1      | Reached skill level 3 in Spellcasting
   723 | D:1      | Reached XP level 2. HP: 19/19 MP: 6/6
   733 | D:1      | Learned a level 2 spell: Call Imp
   766 | D:1      | You fall through a shaft!
  1656 | D:2      | Reached XP level 3. HP: 19/24 MP: 7/7
  1661 | D:2      | Learned a level 3 spell: Call Canine Familiar
  1707 | D:2      | Reached skill level 4 in Summonings
  1792 | D:2      | Found a glowing silver altar of Zin.
  2266 | D:3      | Reached XP level 4. HP: 16/30 MP: 9/9
  2934 | D:3      | You fall through a shaft for 2 floors!
  2934 | D:5      | Entered Level 5 of the Dungeon
  2980 | D:4      | Reached skill level 4 in Spellcasting
  2997 | D:4      | Learned a level 4 spell: Summon Ice Beast
  3172 | D:3      | Noticed Robin
  3188 | D:3      | Killed Robin
  3269 | D:3      | Slain by an orc

Skill      XL: |  1  2  3  4 |
---------------+-------------+-----
Spellcasting   | 3 4 |  4.1
Summonings     | 4 |  4.6
Dodging        | |  1.5
Stealth        | |  1.5
Ice Magic      | |  0.3

Action                   |  1- 3 |  4- 6 || total
-------------------------+-------+-------++-------
Melee: Dagger            |   129 |   122 ||   251
       Unarmed           |     4 |       ||     4
 Cast: Call Imp          |       |     2 ||     2
       Call Canine Famil |       |     2 ||     2
  Use: Scroll            |     3 |     2 ||     5
 Stab: Sleeping          |     4 |     1 ||     5
Armor: Robe              |    25 |    14 ||    39
Dodge: Dodged            |    95 |   111 ||   206
